Map: Imperio eterno EE

Players

MrFercho

  • Race: Terran Terran
  • League: Silver
  • Spawn Location: 7:00

ramirokuay - Winner!

  • Race: Terran Terran
  • League: Bronze
  • Spawn Location: 1:00

VOD

Have the link to the VOD?

Description

Time

  • Played on: May 26, 2020, 11:02 a.m.
  • Length: 10:25
Show
View Real Time Build Order
Export as new Build Order

MrFercho Terran 

Build Orders:  

Get SALT Encoding   

  12  0:01  SCV  
  13  0:25  SCV  
  14  0:28  Supply Depot  
  14  0:35  Refinery  
  14  0:38  SCV  
  15  0:57  SCV  
  15  1:03  Barracks  
  16  1:13  SCV  
  17  1:26  SCV  
  17  1:32  Engineering Bay  
  18  1:51  Barracks Reactor  
  18  1:52  Supply Depot  
  18  2:02  Orbital Command  
  18  2:08  Refinery  
  18  2:17  Supply Depot  
  18  2:19  Terran Infantry Weapons Level 1  
  18  2:32  Reaper  
  19  2:39  SCV  
  19  2:42  Reaper  
  21  2:51  SCV  
  22  3:04  SCV  
  23  3:06  Factory  
  23  3:15  Marine x2  
  23  4:03  Factory Tech Lab  
  23  4:10  Starport  
  23  4:18  Reaper x2  
  25  4:33  SCV  
  27  4:45  SCV  
  27  4:48  Starport  
  27  4:57  SCV  
  28  5:16  Starport Tech Lab  
  28  5:23  Command Center  
  28  5:25  Starport  
  26  5:53  Starport Tech Lab  
  26  5:55  Cloaking Field  
  26  5:59  Siege Tank  
  29  6:12  Terran Infantry Armor Level 1  
  29  6:15  Supply Depot  
  29  6:17  Starport Tech Lab  
  29  6:23  Banshee  
  32  6:31  Siege Tank  
  35  6:38  SCV, Refinery  
  35  6:39  Supply Depot  
  36  6:44  Liberator  
  39  6:50  SCV  
  40  6:57  Marine x2  
  42  7:02  SCV  
  42  7:04  Supply Depot  
  42  7:05  Refinery  
  42  7:07  Sensor Tower  
  43  7:14  SCV  
  43  7:15  Marine x2  
  31  7:26  SCV  
  29  7:30  Supply Depot, Missile Turret  
  30  7:42  Banshee  
  32  7:50  SCV  
  23  8:02  SCV  
  24  8:14  SCV  
  25  8:22  Banshee x2  
  25  8:26  SCV  
  32  8:39  SCV  
  30  8:50  Missile Turret  
  32  9:00  Missile Turret  
Show
View Real Time Build Order
Export as new Build Order

ramirokuay Terran - Winner!

Build Orders:  

Get SALT Encoding   

  12  0:03  SCV  
  13  0:15  SCV  
  14  0:27  SCV  
  15  0:37  Supply Depot  
  15  0:43  Supply Depot  
  15  0:59  SCV  
  16  1:05  Barracks  
  16  1:11  SCV  
  16  1:12  Refinery  
  17  1:23  SCV  
  18  1:35  SCV  
  19  1:47  SCV  
  20  1:59  SCV  
  21  2:08  Barracks  
  21  2:12  SCV  
  21  2:14  Refinery  
  22  2:24  SCV  
  23  2:31  Marine  
  23  2:36  SCV  
  25  2:42  Factory  
  25  2:48  SCV  
  25  2:49  Marine  
  27  2:59  Barracks Tech Lab  
  27  3:00  SCV  
  28  3:07  Marine  
  29  3:17  Orbital Command  
  29  3:24  Marine  
  30  3:37  Factory Tech Lab  
  30  3:42  Marine  
  30  3:45  Stimpack  
  30  4:00  Marine  
  31  4:13  Starport  
  31  4:22  Supply Depot  
  31  4:25  Supply Depot  
  31  4:43  SCV, Marine, Siege Tank  
  31  4:44  Marauder  
  38  4:53  Medivac  
  38  4:56  SCV  
  41  5:01  Marine  
  41  5:04  Supply Depot  
  41  5:05  Marauder  
  44  5:08  SCV  
  44  5:14  Engineering Bay  
  45  5:19  Marine  
  45  5:20  SCV  
  47  5:25  Medivac  
  47  5:26  Marauder, Siege Tank  
  54  5:37  Marine  
  54  5:54  Marine  
  55  6:14  Starport Tech Lab  
  55  6:22  Supply Depot  
  55  6:25  Combat Shield  
  55  6:43  Marine  
  55  6:44  Marauder  
  58  7:01  Marine  
  58  7:04  Marine  
  60  7:19  Marine  
  60  7:22  Marine  
  62  7:36  Marine  
  63  8:58  Marine  
  63  9:01  Marine  
  62  9:16  Marine  
  63  9:22  Viking  
  63  9:26  Marine  
  63  9:34  Marine  
  63  9:35  Cyclone  
  60  9:44  Marine  
  54  9:52  Viking, Marine  
  57  10:02  Marine  
  57  10:04  Command Center  
  57  10:06  Barracks  
  61  10:12  Starport  
Tags
 
Matchup
TvT
Race
Terran
Replay Pack
MrFercho
Spawn Locations
Cross Positions
Add a new tag
Caveats
  • Supply blocks, unpowered buildings, or Contaminate may cause inaccurate times.
  • Supply counts are checked every 10 seconds.